 Dungeon Crawl Stone Soup version 0.28-a0-863-g8cecda6153 (webtiles) character file.

Game seed: 14197247002682662633

2099 BinkBink the Slasher (level 9, -9/70 HPs)
             Began as a Mummy Fighter on Nov 20, 2021.
             Mangled by a two-headed ogre (26 damage)
             ... on level 7 of the Dungeon.
             The game lasted 00:17:41 (6868 turns).

BinkBink the Slasher (Mummy Fighter)                Turns: 6868, Time: 00:17:42

Health: -9/70      AC:  6    Str: 28    XL:     9   Next: 7%
Magic:  9/9        EV: 13    Int:  7    God:
Gold:   212        SH: 14    Dex: 11    Spells: 8/8 levels left

rFire   x . .      SeeInvis .   a - +0 long sword
rCold   + . .      Faith    .   m - +0 kite shield
rNeg    + + +      Spirit   .   l - +0 leather armour "Sitesiz" {Regen+ Str+5}
rPois   ∞          Reflect  +   p - +2 helmet
rElec   .          Harm     .   (no cloak)
rCorr   .          Rampage  .   (no gloves)
Will    +....                   (no boots)
Stlth   +.........              r - amulet of reflection
HPRegen 1.21/turn               n - +4 ring of evasion
MPRegen 0.11/turn               (no ring)

@: no status effects
A: cold resistance 1, negative energy resistance 3, torment resistance 2, heat
vulnerability 1, no potions
a: no special abilities


You were on level 7 of the Dungeon.
You visited 1 branch of the dungeon, and saw 7 of its levels.
You also visited: Sewer.

You collected 332 gold pieces.
You spent 120 gold pieces at shops.

Inventory:

Hand Weapons
 a - a +0 long sword (weapon)
Armour
 l - the +0 leather armour "Sitesiz" (worn) {Regen+ Str+5}
   (You found it on level 3 of the Dungeon)

   Str:       It affects your strength (+5).
   Regen:     It increases your rate of health regeneration.
 m - a +0 kite shield (worn)
 p - a +2 helmet (worn)
Jewellery
 n - a +4 ring of evasion (left hand)
 r - an amulet of reflection (around neck)
Wands
 o - a wand of polymorph (7)
Scrolls
 c - a scroll of magic mapping
 e - 4 scrolls of teleportation
 f - 3 scrolls of amnesia
 g - a scroll of vulnerability
 h - 3 scrolls of blinking
 i - 3 scrolls of fog
 j - 2 scrolls of fear
 k - a scroll of noise
 q - a scroll of torment


   Skills:
 + Level 6.3 Fighting
 + Level 6.5 Long Blades
 + Level 4.7 Armour
 - Level 0.9 Dodging
 - Level 0.2 Stealth
 + Level 4.9 Shields


You had 8 spell levels left.
You didn't know any spells.
Your spell library contained the following spells:

 Spells                   Type           Power      Damage    Failure   Level
 Foxfire                  Conj/Fire      0%         2x1d4     88%         1
 Sandblast                Erth           0%         2d4       88%         1
 Slow                     Hex            0%         N/A       88%         1
 Passwall                 Tmut/Erth      0%         N/A       96%         2
 Confusing Touch          Hex            0%         N/A       99%         3
 Frozen Ramparts          Ice            0%         1d2       99%         3
 Stone Arrow              Conj/Erth      0%         3d7       99%         3
 Vampiric Draining        Necr           0%         2d6       99%         3
 Fulminant Prism          Conj/Hex       0%         3d6       100%        4
 Iskenderun's Mystic Bla  Conj/Tloc      0%         2d3       100%        4
 Summon Ice Beast         Ice/Summ       0%         N/A       100%        4
 Fireball                 Conj/Fire      0%         3d3       100%        5
 Iskenderun's Battlesphe  Conj           0%         2d6       100%        5
 Lee's Rapid Deconstruct  Erth           0%         3d5*      100%        5
 Conjure Ball Lightning   Conj/Air       0%         3x3d6     100%        6
 Orb of Destruction       Conj           0%         N/A       100%        7
 Ice Form                 Ice/Tmut       Unusable   N/A       N/A         4

Dungeon Overview and Level Annotations

Branches:
Dungeon (7/15)              Sewer (visited)
 Temple: D:4-7

Altars:
Trog

Shops:
D:4 ***   D:6 [

Annotations:
D:3 Pikel


Innate Abilities, Weirdness & Mutations

You are immune to poison.
Your flesh is cold resistant. (rC+)
You are immune to negative energy. (rN+++)
You are immune to unholy pain and torment.
You are vulnerable to heat. (rF-)
You do not drink.


Message History

The bullfrog is severely wounded.
You block the bullfrog's attack. x2
You closely miss the bullfrog.
The bullfrog is severely wounded.
The bullfrog hits you but does no damage.
You slash the bullfrog!
You kill the bullfrog!
No target in view!
No target in view!
Done exploring.
You climb downwards.
The killer bee zombie misses you. The wyvern skeleton closely misses you.
The killer bee zombie barely misses you.
You block the wyvern skeleton's attack. The killer bee zombie hits you.
There is a stone staircase leading up here.
The killer bee zombie barely misses you.
You block the wyvern skeleton's attack.
You climb upwards.
There is a stone staircase leading down here.
There is a stone staircase leading down here.
You climb downwards.
There is a stone staircase leading up here.
The two-headed ogre hits you with a +0 giant club!
The two-headed ogre hits you but does no damage.
You hit the two-headed ogre.
The two-headed ogre is lightly wounded.
The two-headed ogre closely misses you. You block the two-headed ogre's attack.
You hit the two-headed ogre.
The two-headed ogre is moderately wounded.
You block the two-headed ogre's attack. x2
You slash the two-headed ogre!
The two-headed ogre is moderately wounded.
The two-headed ogre hits you with a +0 giant club!!
You block the two-headed ogre's attack.
You hit the two-headed ogre.
The two-headed ogre is heavily wounded.
The two-headed ogre hits you with a +0 giant club!!
* * * LOW HITPOINT WARNING * * *
The two-headed ogre hits you with a +0 giant club!!
You die...

#. #. #..#
#.##.# #>##
##..#..##.#
......)#.#
#...#...#
#.....#### ##
##.......##...
#...O.#....#
####.@#....###
#.....<..###
##########


You could see a two-headed ogre.

Vanquished Creatures
  Grinder (D:4)
  Sigmund (D:5)
  A wyvern (D:7)
  3 ogres
  A necrophage (D:4)
  A centaur (D:6)
  4 lemures
  2 phantoms
  4 bullfrogs
  A gnoll sergeant (D:6)
  A scorpion (D:4)
  A water moccasin skeleton (D:5)
  3 killer bees (D:6)
  A centaur zombie (D:5)
  2 hounds (D:4)
  2 bullfrog skeletons
  3 iguanas (D:4)
  An orc wizard (D:5)
  3 gnolls (D:6)
  A river rat (D:6)
  7 adders
  A shadow imp (D:6)
  A worm (D:4)
  A dart slug (D:1)
  4 orcs
  12 endoplasms
  11 giant cockroaches
  6 goblins
  11 hobgoblins
  6 jackals
  14 quokkas
  15 ball pythons
  3 bats
  14 frilled lizards
  6 kobolds
  4 rats
153 creatures vanquished.

Notes
Turn   | Place    | Note
-------+----------+-------------------------------------------
     0 | D:1      | BinkBink the Mummy Fighter began the quest for the Orb.
     0 | D:1      | Reached XP level 1. HP: 18/18 MP: 1/1
   426 | D:1      | Reached XP level 2. HP: 24/24 MP: 2/2
   825 | D:1      | Found a faded altar of an unknown god.
   833 | D:1      | Got Plato's Collected Works on Heat
  1117 | D:1      | Reached XP level 3. HP: 29/29 MP: 3/3
  1815 | D:2      | Found a bloodstained altar of Trog.
  2368 | D:3      | Noticed a bullfrog
  2375 | D:3      | Killed a bullfrog
  2376 | D:3      | Reached XP level 4. HP: 24/35 MP: 4/4
  2580 | D:3      | Reached XP level 5. HP: 14/42 MP: 5/5
  3309 | D:3      | Identified the +0 leather armour "Sitesiz" {Regen+ Str+5}
  3459 | D:4      | HP: 2/42 [iguana (9)]
  3499 | D:4      | Noticed a necrophage
  3620 | D:4      | Reached XP level 6. HP: 17/48 MP: 6/6
  3668 | D:4      | Found Fioko's Assorted Antiques.
  3692 | D:4      | Found Nadaixacs's General Store.
  3695 | D:4      | Bought a sapphire ring for 120 gold pieces
  3728 | D:4      | Found Zoomel's Assorted Antiques.
  3828 | D:4      | Noticed Grinder
  3828 | D:4      | Paralysed by Grinder for 6 turns
  3837 | D:4      | Paralysed by Grinder for 3 turns
  3844 | D:4      | Paralysed by Grinder for 6 turns
  3854 | D:4      | Paralysed by Grinder for 5 turns
  3861 | D:4      | Paralysed by Grinder for 6 turns
  3867 | D:4      | Killed Grinder
  4101 | D:4      | Reached XP level 7. HP: 55/55 MP: 7/7
  4200 | D:4      | Reached skill level 5 in Fighting
  4252 | D:5      | Entered Level 5 of the Dungeon
  4309 | D:5      | Noticed Pikel
  4818 | D:5      | Reached XP level 8. HP: 38/63 MP: 8/8
  4872 | D:5      | Noticed Sigmund
  5224 | D:5      | Killed Sigmund
  5225 | D:5      | Reached skill level 5 in Long Blades
  5609 | D:6      | Found a glowing drain.
  5613 | Sewer    | Entered a sewer
  6295 | D:6      | Found Ugomuj's Antique Armour Shoppe.
  6735 | D:7      | Noticed a two-headed ogre
  6814 | D:6      | Reached XP level 9. HP: 69/69 MP: 9/9
  6868 | D:7      | Mangled by a two-headed ogre

Illustrated notes

Levels and vault maps discovered:
D:1:      eino_arrival_tree_alley, layout_loops_cross,
          shapermc_ecumenical_altar_rom_forum
D:2:      layout_loops_cross, basic_altar, grunt_ministairs_2
D:3:      layout_basic, st_stairs_1, minivault_5, feat_on_display
D:4:      layout_rooms, serial_shops, kennysheep_mini, nicolae_diamond_shop,
          nicolae_shop_waterfront, hangedman_decor_opposing, uniq_grinder
D:5:      layout_gridville, uniq_pikel, uniq_sigmund
D:6:      layout_cave_pools, serial_shops, nicolae_shop_hallway_plus,
          gup_sewer_entry_spiral
D:7:      layout_rooms, temple_fountains, grunt_decor_clamped

Skill      XL: |  1  2  3  4  5  6  7  8 |
---------------+-------------------------+-----
Long Blades    | 2 3 4 6 |  6.5
Armour         | 3 4 |  4.7
Fighting       | 4 5 6 |  6.3
Shields        | 3 4 |  4.9
Dodging        | |  0.9
Stealth        | |  0.2

Action                   |  1- 3 |  4- 6 |  7- 9 || total
-------------------------+-------+-------+-------++-------
Melee: Long sword        |   175 |   104 |   414 ||   693
  Use: Scroll            |       |     5 |     9 ||    14
Armor: Scale mail        |    86 |    18 |       ||   104
       Leather armour    |       |    11 |    85 ||    96
Dodge: Dodged            |    99 |    32 |   267 ||   398
Block: Buckler           |    42 |     6 |       ||    48
       Kite shield       |       |    21 |   301 ||   322

Table legend: (Time is in decaauts)
 A = Elapsed time spent in this place.
 B = Non-inter-level travel time spent in this place.
 C = Inter-level travel time spent in this place.
 D = Time resting spent in this place.
 E = Time spent auto-exploring this place.
 F = Levels seen in this place.
 G = Mean time per level.
                   A        B        C        D        E       F      G
               +--------+--------+--------+--------+--------+-----+--------+
         Total |   7280 |   6866 |    414 |      0 |   4731 |   8 |  910.0 |
       Dungeon |   6749 |   6335 |    414 |      0 |   4584 |   7 |  964.1 |
         Sewer |    530 |    530 |      0 |      0 |    147 |   1 |  530.0 |
               +--------+--------+--------+--------+--------+-----+--------+

Top non-repeatable levels by time:
     D:3: 1412 daAuts
     D:1: 1321 daAuts
     D:4: 1071 daAuts
     D:6: 1018 daAuts
     D:5: 942 daAuts
     D:2: 891 daAuts
   Sewer: 530 daAuts
     D:7: 91 daAuts
